 Dungeon Crawl Stone Soup version 0.30.0-5-g1a98f26d00 (webtiles) character file.

Game seed: 18017006370479941861

467 firemarshallily the Magician (level 7, -7/51 (52) HPs)
             Began as a Gnoll Wanderer on May 8, 2023.
             Mangled by a gnoll
             ... wielding a +2 flail of draining
             ... led by a gnoll bouda
              (10 damage)
             ... on level 3 of the Dungeon.
             The game lasted 00:13:24 (3868 turns).

firemarshallily the Magician (Gnoll Wanderer)       Turns: 3868, Time: 00:13:24

HP:   -7/51 (52)    AC:  8    Str: 10 (11) XL:     7   Next: 8%
MP:   18/18         EV: 10    Int:  9 (10) God:
Gold: 163           SH: 10    Dex: 12 (15) Spells: 16/21 levels left

rFire   + + .        a - +0 spear
rCold   + + .        j - +2 shield of Resistance {rF++ rC++ Will++}
rNeg    . . .        q - +0 leather armour
rPois   .            t - +1 helmet
rElec   .            s - +2 cloak
rCorr   .            (no gloves)
SInv    .            (no boots)
Will    ++...        (no amulet)
Stlth   ++           (no ring)
HPRegen 0.28/turn    (no ring)
MPRegen 0.16/turn

%: no passive effects
@: brilliant, attractive, lightly drained
A: fangs 1, strong nose, distributed training
a: no special abilities


You were on level 3 of the Dungeon.
You visited 1 branch of the dungeon, and saw 4 of its levels.

You collected 163 gold pieces.

Inventory:

Hand Weapons
 a - a +0 spear (weapon)
Armour
 h - a +0 ring mail
 j - the +2 shield of Resistance (worn) {rF++ rC++ Will++}
   (You found it on level 3 of the Dungeon)

   rF:        It greatly protects you from fire.
   rC:        It greatly protects you from cold.
   Will:      It greatly increases your willpower.
 p - a +3 plate armour
 q - a +0 leather armour (worn)
 s - a +2 cloak (worn)
 t - a +1 helmet (worn)
Scrolls
 b - a scroll of fear {unknown}
 e - 2 scrolls of teleportation {unknown}
 l - a scroll of fog
 m - a scroll of poison
 n - 2 scrolls of vulnerability
Potions
 c - a potion of lignification
 g - 2 potions of brilliance
 i - 2 potions of invisibility {unknown}
 k - a potion of mutation {unknown}
 r - 2 potions of flight {unknown}
 u - a potion of haste {unknown}


   Skills:
 + Level 3.5 Fighting
 + Level 2.3 Short Blades
 + Level 2.3 Long Blades
 + Level 2.3 Axes
 + Level 2.3 Maces & Flails
 + Level 5.2 Polearms
 + Level 2.3 Staves
 + Level 2.3 Ranged Weapons
 + Level 2.3 Throwing
 + Level 3.5 Armour
 + Level 3.5 Dodging
 + Level 3.3 Stealth
 + Level 2.3 Shields
 + Level 2.3 Unarmed Combat
 + Level 7.5 Spellcasting
 + Level 1.9 Conjurations
 + Level 1.9 Hexes
 + Level 1.9 Summonings
 + Level 1.9 Necromancy
 + Level 1.9 Translocations
 + Level 1.9 Transmutations
 + Level 1.9 Fire Magic
 + Level 1.9 Ice Magic
 + Level 1.9 Air Magic
 + Level 1.9 Earth Magic
 + Level 1.9 Poison Magic
 + Level 2.6 Invocations
 + Level 2.3 Evocations


You had 16 spell levels left.
You knew the following spells:

 Your Spells              Type           Power      Damage    Failure   Level
a - Foxfire               Conj/Fire      40%        2x1d6     47%         1
b - Wereblood             Tmut           10%        N/A       63%         2
c - Poisonous Vapours     Pois/Air       20%        N/A       63%         2

Your spell library contained the following spells:

 Spells                   Type           Power      Damage    Failure   Level
 Beastly Appendage        Tmut           20%        N/A       47%         1
 Scorch                   Fire           20%        2d6       63%         2
 Inner Flame              Hex/Fire       10%        N/A       85%         3
 Mephitic Cloud           Conj/Pois/Air  10%        N/A       85%         3
 Spider Form              Tmut/Pois      10%        N/A       85%         3
 Swiftness                Air            10%        N/A       85%         3
 Teleport Other           Tloc           10%        N/A       85%         3
 Freezing Cloud           Conj/Ice/Air   5%         6-21      100%        5
 Yara's Violent Unravell  Hex/Tmut       5%         3d4       100%        5
 Enfeeble                 Hex            5%         N/A       100%        7


Dungeon Overview and Level Annotations

Branches:
Dungeon (4/15)
 Temple: D:4-7

Altars:

Shops:
D:1 :


Innate Abilities, Weirdness & Mutations

You have very sharp teeth.
Your uncanny sense of smell can sniff out nearby items.
Your experience applies equally to all skills.


Message History

The gnoll barely misses you. The gnoll misses you.
You reach to attack!
You completely miss the gnoll.
The gnoll is heavily wounded.
The gnoll is no longer moving quickly.
The gnoll barely misses you.
You reach to attack!
You hit the gnoll.
The gnoll is severely wounded.
The gnoll hits you from afar with a +0 halberd!
You are too injured to fight recklessly!
Reach: a) +0 spear
Press: ? - help, Dir - move target, f/p - gnoll
Aim: a gnoll, wielding a +0 halberd (severely wounded, about 32% to evade your +0 spear)
You reach to attack!
You hit the gnoll.
The gnoll is almost dead.
The gnoll hits you from afar with a +0 halberd.
Reach: a) +0 spear
Press: ? - help, Dir - move target, f/p - gnoll
Aim: a gnoll, wielding a +0 halberd (almost dead, about 32% to evade your +0 spear)
You reach to attack!
You hit the gnoll.
You kill the gnoll!
Unknown command.
Reach: a) +0 spear
Press: ? - help, Dir - move target, f - gnoll
Aim: a gnoll, wielding a +2 flail of draining (about 32% to evade your +0 spear)
You barely miss the gnoll.
The gnoll hits you with a +2 flail of draining!
* * * LOW HITPOINT WARNING * * *
You feel drained.
* * * LOW HITPOINT WARNING * * *
Unknown command.
It was a potion of brilliance.
You feel clever all of a sudden. The gnoll misses you.
It was a potion of attraction.
You feel attractive to monsters. You block the gnoll's attack.
It was a potion of degeneration.
There was something very wrong with that liquid.
You feel weakened.
You feel dopey.
You feel clumsy.
The gnoll hits you with a +2 flail of draining!
You die...

###### #....# #@##.#
#g##.# #########>##.#
#........))#.#
#............#
#............#
#............#############
#########'#..##...........
#....#.##...........


You could see a gnoll.

Vanquished Creatures
  Sigmund (D:2)
  A howler monkey (D:3)
  Natasha (thrice) (D:2)
  3 gnolls (D:3)
  4 adders
  2 worms (D:3)
  4 dart slugs
  2 orcs (D:3)
  10 bats
  14 endoplasms
  4 giant cockroaches
  4 hobgoblins
  5 jackals (D:3)
  13 kobolds
  6 quokkas
  8 ball pythons
  5 frilled lizards
  8 goblins
  3 rats
100 creatures vanquished.

Vanquished Creatures (others)
  266 foxfires
266 creatures vanquished.

Grand Total: 366 creatures vanquished

Notes
Turn   | Place    | Note
-------+----------+-------------------------------------------
     0 | D:1      | firemarshallily the Gnoll Wanderer began the quest for the
                  | Orb.
     0 | D:1      | firemarshallily set off with the following items: a +0
                  | spear, a +0 helmet, a potion of lignification, a +0 robe;
                  | and the following spell memorised: Foxfire; and the
                  | following spells available to memorise: Scorch, Swiftness,
                  | Teleport Other.
     0 | D:1      | Reached XP level 1. HP: 17/17 MP: 8/8
    72 | D:1      | Reached XP level 2. HP: 23/23 MP: 7/10
   296 | D:1      | Found Ziesoe Cuto's Book Shoppe.
   652 | D:1      | Reached XP level 3. HP: 28/28 MP: 4/11
  1258 | D:2      | Reached skill level 1 in Invocations
  1441 | D:2      | Reached skill level 1 in Short Blades
  1441 | D:2      | Reached skill level 1 in Long Blades
  1441 | D:2      | Reached skill level 1 in Axes
  1441 | D:2      | Reached skill level 1 in Maces & Flails
  1441 | D:2      | Reached skill level 1 in Staves
  1441 | D:2      | Reached skill level 1 in Ranged Weapons
  1441 | D:2      | Reached skill level 1 in Throwing
  1441 | D:2      | Reached skill level 1 in Shields
  1441 | D:2      | Reached skill level 1 in Unarmed Combat
  1441 | D:2      | Reached skill level 1 in Evocations
  1460 | D:2      | Reached XP level 4. HP: 25/34 MP: 1/13
  1645 | D:2      | Noticed Sigmund
  1665 | D:2      | Killed Sigmund
  1666 | D:2      | Reached skill level 1 in Conjurations
  1666 | D:2      | Reached skill level 1 in Hexes
  1666 | D:2      | Reached skill level 1 in Summonings
  1666 | D:2      | Reached skill level 1 in Necromancy
  1666 | D:2      | Reached skill level 1 in Translocations
  1666 | D:2      | Reached skill level 1 in Transmutations
  1666 | D:2      | Reached skill level 1 in Fire Magic
  1666 | D:2      | Reached skill level 1 in Ice Magic
  1666 | D:2      | Reached skill level 1 in Air Magic
  1666 | D:2      | Reached skill level 1 in Earth Magic
  1666 | D:2      | Reached skill level 1 in Poison Magic
  1666 | D:2      | Reached XP level 5. HP: 5/41 MP: 0/14
  1666 | D:2      | Reached XP level 6. HP: 6/47 MP: 0/16
  1863 | D:2      | Noticed Natasha
  1871 | D:2      | Killed Natasha
  1872 | D:2      | Reached skill level 5 in Polearms
  2016 | D:2      | Noticed Natasha
  2040 | D:2      | Killed Natasha
  2353 | D:2      | Noticed Natasha
  2362 | D:2      | Killed Natasha
  2500 | D:3      | Found the +2 shield of Resistance {rF++ rC++ Will++}
  3627 | D:3      | Learned a level 2 spell: Wereblood
  3630 | D:3      | Learned a level 2 spell: Poisonous Vapours
  3804 | D:3      | Reached XP level 7. HP: 41/52 MP: 16/18
  3868 | D:3      | Mangled by a gnoll

Illustrated notes

Levels and vault maps discovered:
D:1:      eino_arrival_cavern_e, layout_basic, serial_shops,
          nicolae_shop_waterfront
D:2:      layout_rooms, st_stairs_8, uniq_sigmund, uniq_natasha
D:3:      minmay_thinvault, layout_basic, nicolae_overflow_hidden_temple
D:4:      layout_cave_pools, mainiacjoe_overflow_cross_hatched,
          roderic_serpentine_path

Skill      XL: |  1  2  3  4  5  6 |
---------------+-------------------+-----
Invocations    | 1 2 |  2.6
Short Blades   | 1 2 |  2.3
Long Blades    | 1 2 |  2.3
Axes           | 1 2 |  2.3
Maces & Flails | 1 2 |  2.3
Staves         | 1 2 |  2.3
Ranged Weapons | 1 2 |  2.3
Throwing       | 1 2 |  2.3
Shields        | 1 2 |  2.3
Unarmed Combat | 1 2 |  2.3
Evocations     | 1 2 |  2.3
Fighting       | 3 |  3.5
Armour         | 3 |  3.5
Dodging        | 3 |  3.5
Stealth        | 3 |  3.3
Conjurations   | 1 |  1.9
Hexes          | 1 |  1.9
Summonings     | 1 |  1.9
Necromancy     | 1 |  1.9
Translocations | 1 |  1.9
Transmutations | 1 |  1.9
Fire Magic     | 1 |  1.9
Ice Magic      | 1 |  1.9
Air Magic      | 1 |  1.9
Earth Magic    | 1 |  1.9
Poison Magic   | 1 |  1.9
Polearms       | 5 |  5.2
Spellcasting   | |  7.5

Action                     |  1- 3 |  4- 6 |  7- 9 || total
---------------------------+-------+-------+-------++-------
  Melee: Spear             |    56 |   140 |    27 ||   223
         Bite              |     5 |    15 |     2 ||    22
         Punch             |     2 |       |       ||     2
   Cast: Foxfire           |    61 |    98 |       ||   159
    Use: Scroll            |       |     5 |       ||     5
         Potion            |       |       |     4 ||     4
   Stab: Sleeping          |       |     3 |       ||     3
 Armour: Robe              |     8 |       |       ||     8
         Leather armour    |       |    45 |     8 ||    53
  Dodge: Dodged            |    46 |    93 |    19 ||   158
  Block: Kite shield       |       |    69 |    21 ||    90
